 Dungeon Crawl Stone Soup version 0.26.0-16-gc1dbca0489 (webtiles) character file.

Game seed: 6622883644742140043

314 thiole the Sneak (level 6, -2/36 HPs)
             Began as an Octopode Hedge Wizard on Jan 21, 2021.
             Killed from afar by an orc wizard (9 damage)
             ... with a puff of flame
             ... on level 4 of the Dungeon.
             The game lasted 00:06:21 (5191 turns).

thiole the Sneak (Octopode Hedge Wizard)            Turns: 5191, Time: 00:06:22

Health: -2/36      AC:  3    Str: 15    XL:     6   Next: 43%
Magic:  9/13       EV: 13    Int: 19    God:
Gold:   319        SH:  0    Dex: 11    Spells: 6/14 levels left

rFire    . . .     SeeInvis .   a - +0 dagger
rCold    . . .     Faith    .   (no shield)
rNeg     . . .     Spirit   .   b - +2 hat
rPois    .         Reflect  .   (no amulet)
rElec    .         Harm     .   e - +6 ring of strength
rCorr    .         Rampage  .   (no ring)
Will     .....                  (no ring)
Stlth    ++++......             (no ring)
HPRegen  0.12/turn              (no ring)
MPRegen  0.13/turn              (no ring)
                                (no ring)
                                (no ring)

@: no status effects
A: almost no armour, stealthy swim, amphibious, 8 rings, constrict 8, camouflage
1, gelatinous body 1
a: no special abilities


You were on level 4 of the Dungeon.
You visited 1 branch of the dungeon, and saw 4 of its levels.

You collected 319 gold pieces.

Inventory:

Hand Weapons
 a - a +0 dagger (weapon)
 j - a cursed +0 short sword
Armour
 b - a +2 hat (worn)
Jewellery
 e - a +6 ring of strength (left tentacle)
Wands
 n - a wand of polymorph (6)
Scrolls
 h - 2 scrolls of enchant weapon {unknown}
 i - 2 scrolls of remove curse {unknown}
 k - 3 scrolls of teleportation {unknown}
 m - 2 scrolls of immolation {unknown}
 q - 2 scrolls of fear {unknown}
 r - a scroll of enchant armour
Potions
 c - 2 potions of lignification
 f - a potion of magic
 g - 5 potions of curing
 l - 2 potions of brilliance
 o - a potion of attraction {unknown}
 p - a potion of degeneration {unknown}


   Skills:
 - Level 2.0 Dodging
 + Level 6.3 Stealth
 + Level 4.7 Spellcasting
 - Level 2.0 Conjurations
 - Level 2.0 Summonings
 - Level 1.0 Translocations


You had 6 spell levels left.
You knew the following spells:

 Your Spells              Type           Power        Failure   Level
a - Magic Dart            Conj           48%          5%          1
b - Call Imp              Summ           12%          9%          2
c - Slow                  Hex            4%           19%         2
d - Mephitic Cloud        Conj/Pois/Air  7%           28%         3

Your spell library contained the following spells:

 Spells                   Type           Power        Failure   Level
 Blink                    Tloc           N/A          13%         2
 Conjure Flame            Conj/Fire      8%           26%         3


Dungeon Overview and Level Annotations

Branches:
Dungeon (4/15)
 Temple: D:4-7

Altars:


Innate Abilities, Weirdness & Mutations

You cannot wear most types of armour.
You are very stealthy in the water. (Stealth+)
You are amphibious.
You can wear up to eight rings at the same time.
You can use your tentacles to constrict eight enemies at once.
Your skin changes colour to match your surroundings (Stealth+).
Your rubbery body absorbs attacks. (AC +1, EV +1)


Message History

Your white imp hits the worker ant but does no damage.
The worker ant barely misses your white imp.
The orc priest closely misses you. Something hits you.
Your iron imp hits the worker ant.
Found 21 bolts.
Blink to where?
Press: ? - help, Dir - move target
As you read the scroll of blinking, it crumbles to dust.
Your magical contamination has completely faded away.
You start resting.
A puff of flame appears from out of thin air!
The puff of flame hits you!
A puff of flame appears from out of thin air!
The puff of flame hits you.
* * * LOW HITPOINT WARNING * * *
An orc wizard appears from thin air!
Reactivating autopickup.
The orc wizard points at you and mumbles some strange words.
The puff of flame hits you!
You die...

..........#
####....#######
..........#
####....#...
..........# ####
####..###
..........# #..####
##.)# .........##
##.....### #..##
.........#
#[.......# ##.##
.........#
##........## #..###
#.......##
#....^.....###...<#
###.....#
#...@......##..#..#
##.######
#...)......##.##.##
#..#
#.............####
#.##
##...........## ..#
#..........## .##
##.........## .#
##.........# ##
###.o.....# #
##......#


You could see an orc wizard.

Vanquished Creatures
  Blork the orc (D:4)
  A scorpion (D:4)
  A hound (D:4)
  A worker ant (D:4)
  5 adders
  An ooze (D:2)
  5 worms
  A dart slug (D:2)
  5 leopard geckos
  9 orcs
  3 giant cockroaches
  10 hobgoblins
  2 jackals (D:3)
  3 quokkas
  A ball python (D:3)
  9 bats
  3 frilled lizards
  7 goblins
  5 kobolds
  A quokka skeleton (D:4)
  7 rats
81 creatures vanquished.

Vanquished Creatures (collateral kills)
  A quokka skeleton (D:4)
1 creature vanquished.

Grand Total: 82 creatures vanquished

Notes
Turn   | Place    | Note
-------+----------+-------------------------------------------
     0 | D:1      | thiole the Octopode Hedge Wizard began the quest for the
                  | Orb.
     0 | D:1      | Reached XP level 1. HP: 11/11 MP: 4/4
   215 | D:1      | Reached XP level 2. HP: 8/17 MP: 3/6
   572 | D:1      | Reached skill level 3 in Stealth
  1421 | D:2      | Reached XP level 3. HP: 11/21 MP: 1/7
  1424 | D:2      | Learned a level 2 spell: Call Imp
  1427 | D:2      | Learned a level 2 spell: Slow
  1431 | D:2      | Learned a level 3 spell: Mephitic Cloud
  2222 | D:2      | Reached XP level 4. HP: 27/27 MP: 5/9
  2386 | D:2      | Reached skill level 4 in Stealth
  3333 | D:3      | Reached XP level 5. HP: 27/31 MP: 0/10
  3868 | D:3      | Reached skill level 5 in Stealth
  4193 | D:4      | Noticed Blork the orc
  4206 | D:4      | Killed Blork the orc
  4484 | D:4      | Reached XP level 6. HP: 36/36 MP: 6/12
  4597 | D:4      | Reached skill level 6 in Stealth
  4791 | D:4      | Noticed a phantom
  5191 | D:4      | Killed from afar by an orc wizard

Illustrated notes

Levels and vault maps discovered:
D:1:      scummos_arrival_simple_crosswalls, layout_loops_ring
D:2:      layout_basic
D:3:      layout_basic, minmay_strange_pillars, item_on_display_a
D:4:      layout_cave_pods, uniq_blork_the_orc

Skill      XL: |  1  2  3  4  5  6 |
---------------+-------------------+-----
Stealth        | 3 4 5 6 |  6.3
Summonings     | 2 |  2.0
Conjurations   | 2 |  2.0
Spellcasting   | 4 |  4.7
Dodging        | |  2.0
Translocations | |  1.0

Action                   |  1- 3 |  4- 6 || total
-------------------------+-------+-------++-------
Melee: Dagger            |    57 |    56 ||   113
       Constrict         |    16 |    17 ||    33
       Tentacles         |     8 |    14 ||    22
 Cast: Magic Dart        |    78 |   114 ||   192
       Call Imp          |       |     5 ||     5
  Use: Scroll            |     3 |     7 ||    10
 Stab: Distracted        |     1 |       ||     1
       Sleeping          |       |     1 ||     1
Armor: Skin              |     8 |     1 ||     9
Dodge: Dodged            |    36 |    29 ||    65
